 Dungeon Sprint DCSS version 0.29.1-1-gd02db6906a (webtiles) character file.

Game seed: 9792423960057900448

4627 GigaChad the Warrior (level 10, -4/108 HPs)
             Began as a Minotaur Fighter on Sept 19, 2022.
             Was a High Priest of Trog.
             Killed from afar by an ironbound thunderhulk (12 damage)
             ... with a bolt of lightning
             ... in the Dungeon (Sprint V: "Ziggurat Sprint").
             The game lasted 00:07:00 (398 turns).

GigaChad the Warrior (Minotaur Fighter)              Turns: 398, Time: 00:07:02

Health: -4/108     AC: 30    Str: 30    XL:     10   Next: 19%
Magic:  9/9        EV:  3    Int:  5    God:    Trog [*****.]
Gold:   0          SH: 32    Dex: 17    Spells: 9/9 levels left

rFire   . . .      SeeInvis .   I - +7 Screaming Sword {vorpal, sonic wave}
rCold   . . .      Faith    .   G - +18 shield of the Gong {rElec rN+ Will+ EV-5}
rNeg    + . .      Spirit   .   F - +15 Maxwell's patent armour {-Cast -Tele rElec Will+ rCorr}
rPois   .          Reflect  .   (helmet restricted)
rElec   +          Harm     .   (no cloak)
rCorr   +          Rampage  .   (no gloves)
Will    ++...      NoTele   +   (no boots)
Stlth   .......... NoCast   +   (no amulet)
HPRegen 0.28/turn               z - +6 ring of strength
MPRegen 0.11/turn               v - +6 ring of dexterity

@: marked
A: horns 2, retaliatory headbutt
a: Renounce Religion, Berserk, Trog's Hand, Brothers in Arms


You were in the Dungeon.
You worshipped Trog.
Trog was extremely pleased with you.
You visited 1 branch

Inventory:

Hand Weapons
 a - a +0 long sword
 E - the +10 dark maul {vorpal}
   (You found it in the Dungeon)

   It inflicts extra damage upon your enemies.
 H - a +5 lajatang
 I - the +7 Screaming Sword (weapon) {vorpal, sonic wave}
   (You found it in the Dungeon)

   It inflicts extra damage upon your enemies.
   It radiates damaging sonic waves as it strikes, especially in combat
   involving dangerous or numerous foes.
 J - the +11 plutonium sword {Contam Stlth-}
   (You found it in the Dungeon)

   It occasionally inflicts wild transmutation effects on those it strikes,
   inflicting malmutation or extra damage, or polymorphing them into a new form.
   Contam:    It causes magical contamination when unequipped.
   Stlth:     It makes you less stealthy.
 K - the +13 scythe of Curses {drain, Drain}
   (You found it in the Dungeon)

   A truly terrible weapon, it drains the life of any living foe it strikes.
   It inflicts powerful necromantic curses on any living foe it strikes.
   Drain:     It drains your maximum health when unequipped.
 L - the +9 sword of Zonguldrok {reap}
   (You found it in the Dungeon)

   Any living foe damaged by it may be reanimated upon death as a zombie
   friendly to the wielder, with an increasing chance as more damage is dealt.
 M - a +5 demon whip
Armour
 b - a +0 scale mail
 c - a +0 buckler
 k - a +5 crystal plate armour
 F - the +15 Maxwell's patent armour (worn) {-Cast -Tele rElec Will+ rCorr}
   (You found it in the Dungeon)

   rElec:     It insulates you from electricity.
   -Cast:     It prevents spellcasting.
   -Tele:     It prevents most forms of teleportation.
   rCorr:     It protects you from acid and corrosion.
   Will:      It increases your willpower.
 G - the +18 shield of the Gong (worn) {rElec rN+ Will+ EV-5}
   (You found it in the Dungeon)

   It is deafeningly noisy when blocking attacks.
   EV:        It affects your evasion (-5).
   rElec:     It insulates you from electricity.
   rN:        It protects you from negative energy.
   Will:      It increases your willpower.
 P - the +1 robe of the Other Side {rN+}
   (You found it in the Dungeon)

   rN:        It protects you from negative energy.
Jewellery
 o - a +4 ring of evasion
 t - a ring of flight
 u - a +6 ring of dexterity
 v - a +6 ring of dexterity (right hand)
 w - a +6 ring of intelligence
 x - a +6 ring of intelligence
 y - a +6 ring of strength
 z - a +6 ring of strength (left hand)
 O - an amulet of magic regeneration
Wands
 A - a wand of mindburst (7)
 B - a wand of iceblast (7)
 C - a wand of light (7)
Scrolls
 j - 4 scrolls of blinking
 p - 4 scrolls of amnesia
 q - 7 scrolls of butterflies
 r - 5 scrolls of identify
 s - 2 scrolls of fear
Potions
 d - 6 potions of might
 e - 10 potions of curing
 f - 10 potions of heal wounds
 g - 6 potions of haste
 h - 7 potions of magic
 i - 3 potions of berserk rage
 l - 2 potions of brilliance
 m - 2 potions of invisibility
 n - 4 potions of resistance
Miscellaneous
 D - a lightning rod (4/4)
 N - a tin of tremorstones (2/2)


   Skills:
 + Level 16.4 Fighting
 + Level 13.7 Long Blades
 + Level 12.2 Armour
 + Level 2.5 Dodging
 + Level 16.2 Shields


You had 9 spell levels left.
You didn't know any spells.
Your spell library was empty.

Dungeon Overview and Level Annotations

Branches:
Dungeon (1/1)

Altars:
Ashenzari
Cheibriados
Dithmenos
Elyvilon
Fedhas
Gozag
Hepliaklqana
Kikubaaqudgha
Makhleb
Nemelex Xobeh
Okawaru
Qazlal
Ru
Sif Muna
Trog
Uskayaw
Vehumet
Wu Jian
Xom
Yredelemnul
Zin
The Shining One
Jiyva
Lugonu

Annotations:
D 1 transporter


Innate Abilities, Weirdness & Mutations

You have a pair of horns on your head.
You reflexively headbutt those who attack you in melee.


Message History

There are monsters nearby!
You hear a shout!
Electricity crackles from the ironbound thunderhulk's apparatus.
The bolt of lightning hits you. You resist.
* * * LOW HITPOINT WARNING * * *
The guardian mummy is recalled.
The orc high priest is recalled.
A spriggan air mage comes into view.
An orc high priest comes into view. It is wielding a +0 flail.
The orc high priest mumbles some strange prayers.
An orc high priest comes into view. It is wielding a +0 flail.
Strange energies crackle from the ironbound thunderhulk's apparatus.
The ironbound thunderhulk blinks!
You block the guardian mummy's attack.
GONNNNG!
Your ogre hits the ironbound thunderhulk with a +0 giant spiked club!!
The spriggan air mage moves out of view.
A guardian mummy comes into view.
Really attack near your ogre? [Y]es or [N]o only, please.
Really attack near your ogre? [Y]es or [N]o only, please.
Really attack near your ogre?
You slice the guardian mummy!!
The Screaming Sword bellows, "DON'T YOU DARE DIE ON ME NOW, GIGACHAD!"
You send a blast of sound all around you.
Your ogre is moderately wounded.
The ironbound thunderhulk is severely wounded.
The ironbound convoker is moderately wounded.
The ironbound thunderhulk is almost dead.
The orc high priest is heavily wounded.
You destroy the guardian mummy!
Trog accepts your kill.
You feel extremely nervous for a moment...
Your body is wracked with pain!
* * * LOW HITPOINT WARNING * * *
Your ogre disappears in a puff of smoke!
The ironbound convoker gestures at the ironbound thunderhulk while chanting.
The ironbound thunderhulk seems to grow stronger.
Electricity crackles from the ironbound thunderhulk's apparatus.
The bolt of lightning hits you! You resist.
You die...

▓..8©8..▓
▓..O):..▓
▓..===..▓
▓.......▓
▓.......▓
▓...§...▓
▓...O...▓
▓p▓i†)▓.▓
▓.@o©...▓
▓▓▓▓▓▓▓▓▓


You could see 2 ironbound thunderhulks, an orc high priest, a spriggan air mage
(repels missiles) and an ironbound convoker (catching breath).

Vanquished Creatures
  5 draconians (D)
  A guardian mummy (D)
  3 spriggans (D)
  2 black bears (D)
  A wolf (D)
  2 crimson imps (D)
  2 iron imps (D)
  An iguana (D)
  2 jackals (D)
19 creatures vanquished.

Vanquished Creatures (collateral kills)
  A very ugly thing (D)
  A vault guard (D)
  A vault sentinel (D)
3 creatures vanquished.

Grand Total: 22 creatures vanquished

Notes
Turn   | Place    | Note
-------+----------+-------------------------------------------
     0 | D        | GigaChad the Minotaur Fighter began the quest for the Orb.
     0 | D        | Reached XP level 1. HP: 19/19 MP: 0/0
     6 | D        | Found a blossoming altar of Fedhas.
     6 | D        | Found the +6 Majin-Bo {vamp, MP+6 Int+6}
     6 | D        | Found the +9 heavy crossbow "Sniper" {vorpal, Acc+∞ SInv}
     6 | D        | Found the +10 dark maul {vorpal}
     6 | D        | Found the +15 Maxwell's patent armour {-Cast -Tele rElec
                  | Will+ rCorr}
     6 | D        | Found the +18 shield of the Gong {rElec rN+ Will+ EV-5}
     6 | D        | Found the +14 obsidian axe {vorpal, Mesm Drain Fly SInv}
     6 | D        | Found the +7 great mace "Firestarter" {inner flame, rF++}
     6 | D        | Found the +6 shillelagh "Devastator" {shatter}
     6 | D        | Found the +11 plutonium sword {Contam Stlth-}
     6 | D        | Found the +8 lance "Wyrmbane" {slay drac, rPois rF+ rC+
                  | AC+3}
     6 | D        | Found the +9 sword of Zonguldrok {reap}
     6 | D        | Found the +13 scythe of Curses {drain, Drain}
     6 | D        | Found the +5 sword of Power {vorpal}
     6 | D        | Found the +7 mace of Variability {chain chaos}
     6 | D        | Found the +7 Singing Sword {vorpal, sonic wave}
     6 | D        | Found the +8 storm bow {elec, penet}
    10 | D        | Found a shimmering blue altar of Sif Muna.
    10 | D        | Found a sacrificial altar of Ru.
    10 | D        | Found a bloodstained altar of Trog.
    10 | D        | Found a stormy altar of Qazlal.
    10 | D        | Found an iron altar of Okawaru.
    10 | D        | Found a sparkling altar of Nemelex Xobeh.
    12 | D        | Found a transporter.
    12 | D        | Found an ancient bone altar of Kikubaaqudgha.
    12 | D        | Found a viscous altar of Jiyva.
    12 | D        | Found a corrupted altar of Lugonu.
    12 | D        | Found a hazy altar of Hepliaklqana.
    12 | D        | Found a burning altar of Makhleb.
    12 | D        | Found an opulent altar of Gozag.
   131 | D        | Became a worshipper of Trog the Wrathful
   160 | D        | Entered arena 2.
   160 | D        | Noticed a black bear
   160 | D        | Noticed a black bear
   160 | D        | Found a transporter.
   163 | D        | Killed a black bear
   164 | D        | Reached XP level 2. HP: 29/31 MP: 1/1
   164 | D        | Reached XP level 3. HP: 35/38 MP: 2/2
   164 | D        | Reached XP level 4. HP: 42/45 MP: 3/3
   165 | D        | Killed a black bear
   166 | D        | Reached skill level 5 in Long Blades
   166 | D        | Reached XP level 5. HP: 50/53 MP: 4/4
   171 | D        | Entered arena 3.
   171 | D        | Found a transporter.
   174 | D        | Reached * piety under Trog
   186 | D        | Entered arena 4.
   186 | D        | Found a transporter.
   189 | D        | Reached ** piety under Trog
   189 | D        | Reached *** piety under Trog
   190 | D        | Reached XP level 6. HP: 63/63 MP: 5/5
   199 | D        | Reached XP level 7. HP: 81/81 MP: 6/6
   201 | D        | Entered arena 5.
   201 | D        | Noticed a spriggan
   201 | D        | Noticed a spriggan
   201 | D        | Noticed a spriggan
   201 | D        | Found a transporter.
   203 | D        | Killed a spriggan
   203 | D        | Killed a spriggan
   204 | D        | Reached skill level 10 in Armour
   204 | D        | Reached skill level 10 in Shields
   204 | D        | Killed a spriggan
   205 | D        | Reached XP level 8. HP: 90/90 MP: 7/7
   217 | D        | Entered arena 6.
   217 | D        | Noticed a draconian
   217 | D        | Noticed a draconian
   217 | D        | Noticed a draconian
   217 | D        | Noticed a draconian
   217 | D        | Noticed a draconian
   217 | D        | Found a transporter.
   229 | D        | Killed a draconian
   229 | D        | Reached **** piety under Trog
   230 | D        | Reached skill level 15 in Fighting
   231 | D        | Killed a draconian
   234 | D        | Killed a draconian
   235 | D        | Reached skill level 10 in Long Blades
   235 | D        | Reached skill level 1 in Dodging
   235 | D        | Reached XP level 9. HP: 64/100 MP: 8/8
   238 | D        | Killed a draconian
   241 | D        | Killed a draconian
   241 | D        | Reached ***** piety under Trog
   375 | D        | Got the +1 robe of the Other Side {rN+}
   379 | D        | Entered arena 7.
   379 | D        | Noticed a green very ugly thing
   379 | D        | Noticed an ironbound thunderhulk
   379 | D        | Noticed a vault guard
   379 | D        | Noticed an ironbound convoker
   379 | D        | Noticed an ironbound thunderhulk
   379 | D        | Noticed a vault sentinel
   380 | D        | Found a transporter.
   391 | D        | Killed a vault sentinel
   392 | D        | Killed a green very ugly thing
   393 | D        | Reached skill level 15 in Shields
   393 | D        | Reached XP level 10. HP: 42/107 MP: 9/9
   394 | D        | Killed a vault guard
   397 | D        | Noticed a spriggan air mage
   397 | D        | Noticed an orc high priest
   398 | D        | Killed from afar by an ironbound thunderhulk

Illustrated notes

Levels and vault maps discovered:
D:        sprint_v [room_start, room_1, room_2, room_3, room_4, room_5, room_6,
          room_7, room_8, room_9, room_10, room_11, room_12, room_13, room_14,
          room_15, room_16, room_17, room_18, room_19, room_20, room_21,
          room_22, room_23, room_24, room_25, room_26, room_27]

Skill      XL: |  1  2  3  4  5  6  7  8  9 10 |
---------------+-------------------------------+-----
Fighting       | 6 8 9 14 15 16 | 16.4
Long Blades    | 4 5 6 7 10 13 | 13.7
Armour         | 6 7 9 10 11 12 | 12.2
Shields        | 6 7 9 10 13 15 16 | 16.2
Dodging        | 1 2 |  2.5

Action                   |  1- 3 |  4- 6 |  7- 9 | 10-12 || total
-------------------------+-------+-------+-------+-------++-------
Melee: Double sword      |     2 |     6 |    31 |     1 ||    40
       Headbutt          |       |     1 |     9 |       ||    10
Invok: Berserk           |       |       |     1 |       ||     1
       Trog's Hand       |       |       |     1 |       ||     1
       Brothers in Arms  |       |       |     1 |       ||     1
  Use: Potion            |       |     1 |       |       ||     1
Armor: Plate armour      |    10 |     4 |    54 |       ||    68
Dodge: Dodged            |     1 |       |     4 |       ||     5
Block: Kite shield       |     9 |     7 |    87 |     2 ||   105
